 Dungeon Crawl Stone Soup version 0.31-a0-960-g0fca184906 (webtiles) character file.

Game seed: 4464627619113495221

36 GordonOverkill the Sneak (level 3, 0/23 HPs)
             Began as a Tengu Delver on Oct 23, 2023.
             Slain by a gnoll
             ... wielding a +0 whip
              (7 damage)
             ... on level 5 of the Dungeon.
             The game lasted 00:01:30 (172 turns).

GordonOverkill the Sneak (Tengu Delver)              Turns: 172, Time: 00:01:31

Health: 0/23       AC:  3    Str: 14    XL:     3   Next: 37%
Magic:  4/4        EV: 12    Int: 10    God:
Gold:   0          SH:  0    Dex: 15    Spells: 2/2 levels left

rFire   . . .        h - +2 war axe (drain)
rCold   . . .        (no shield)
rNeg    . . .        b - +0 leather armour
rPois   .            (helmet restricted)
rElec   .            (no cloak)
rCorr   .            (no gloves)
SInv    .            (boots unavailable)
Will    .....        (no amulet)
Stlth   +++          (no ring)
HPRegen 0.23/turn    (no ring)
MPRegen 0.09/turn

%: acrobat
@: no status effects
A: beak, talons 3, acrobatic
a: no special abilities


You were on level 5 of the Dungeon.
You visited 1 branch of the dungeon, and saw 2 of its levels.

Inventory:

Hand Weapons
 a - a +0 short sword
 h - a +2 war axe of draining (weapon)
Missiles
 i - 4 atropa-tipped darts (quivered)
Armour
 b - a +0 leather armour (worn)
Wands
 g - a wand of digging (3)
Scrolls
 c - a scroll of fog
 d - 2 scrolls of revelation
 e - a scroll of fear
Potions
 f - a potion of haste
 j - a potion of heal wounds {unknown}


   Skills:
 - Level 3.0 Fighting
 - Level 3.0 Short Blades
 + Level 2.3 Axes
 - Level 2.3 Dodging
 - Level 5.0 Stealth


You had 2 spell levels left.
You didn't know any spells.
Your spell library was empty.

Dungeon Overview and Level Annotations

Branches:
Dungeon (6/15)
 Temple: D:4-7

Altars:


Innate Abilities, Weirdness & Mutations

You have a beak for a mouth.
You have claws for feet.
You can magically evade attacks while moving or waiting.


Message History

Increase (S)trength, (I)ntelligence, or (D)exterity?
You feel stronger. x2
You start resting.
A gnoll opens the door.
It is wielding a +0 whip.
There is an open door here.
The gnoll shouts!
You hear a shout!
There is an open door here.
You start resting.
HP restored.
You barely miss the gnoll. The gnoll hits you with a +0 whip.
You slash the gnoll! You peck the gnoll.
The gnoll is severely wounded.
The gnoll misses you. The gnoll closely misses you.
You closely miss the gnoll. You claw the gnoll, but do no damage.
The gnoll is severely wounded.
The gnoll hits you with a +0 whip.
You hit the gnoll.
You kill the gnoll!
Your Axes skill increases to level 2!
A gnoll comes into view. It is wielding a +0 whip.
A gnoll comes into view. It is wielding a +0 flail.
Things that are here:
a +0 whip; a +0 leather armour; a gnoll corpse You barely miss the gnoll.
The gnoll shouts! x2
Your peck misses the gnoll. Your punch misses the gnoll.
You hear a distant slurping noise.
The gnoll hits you with a +0 whip.
* * * LOW HITPOINT WARNING * * *
You barely miss the gnoll. The gnoll hits you with a +0 whip.
* * * LOW HITPOINT WARNING * * *
You hit the gnoll. You drain the gnoll.
The gnoll is heavily wounded.
The gnoll hits you with a +0 whip.
* * * LOW HITPOINT WARNING * * *
The gnoll closely misses you.
You completely miss the gnoll.
The gnoll is heavily wounded.
The gnoll hits you with a +0 whip!
You die...

#.'...+ #+#.#####
#.....# ##+##.....+
#...#.....#
#+#...#'#.#####
#.......#.+...+
###...#####...###
#.'...+.#.@.....#
#+#.#####.#'#g..#+#
#.....#.....#...#
#.....'.....##g##
#.....#.....#...#
#+#.#####.#+#...#+#
#.+ +.#.......# ###
#####...### +...'.


You could see 2 gnolls.

Vanquished Creatures
  A gnoll (D:5)
  2 adders (D:5)
  A shadow imp (D:5)
4 creatures vanquished.

Notes
Turn   | Place    | Note
-------+----------+-------------------------------------------
     0 | D:5      | GordonOverkill the Tengu Delver began the quest for the
                  | Orb.
     0 | D:5      | Reached XP level 1. HP: 14/14 MP: 2/2
     1 | D:6      | Noticed a centaur
     1 | D:6      | Noticed an iguana
    16 | D:5      | Reached XP level 2. HP: 11/19 MP: 3/3
   134 | D:5      | Reached skill level 1 in Axes
   146 | D:5      | Reached XP level 3. HP: 18/23 MP: 4/4
   172 | D:5      | Slain by a gnoll

Illustrated notes

Levels and vault maps discovered:
D:5:      nicolae_cairo_tiling_large, layout_loops_ring, minmay_misc_feat_square
D:6:      layout_rooms

Skill      XL: |  1  2  3 |
---------------+----------+-----
Short Blades   | 3 |  3.0
Axes           | 1 2 |  2.3
Fighting       | |  3.0
Dodging        | |  2.3
Stealth        | |  5.0

Action                     || total
---------------------------++-------
  Melee: Short sword       ||    10
         Kick              ||     5
         Peck              ||     2
         War axe           ||    13
   Stab: Sleeping          ||     2
 Armour: Leather armour    ||    16
  Dodge: Dodged            ||    15

Table legend: (Time is in decaauts)
 A = Elapsed time spent in this place.
 B = Non-inter-level travel time spent in this place.
 C = Inter-level travel time spent in this place.
 D = Time resting spent in this place.
 E = Time spent auto-exploring this place.
 F = Levels seen in this place.
 G = Mean time per level.
                   A        B        C        D        E       F      G
               +--------+--------+--------+--------+--------+-----+--------+
         Total |    175 |    175 |      0 |     46 |      0 |   2 |   87.5 |
       Dungeon |    175 |    175 |      0 |     46 |      0 |   2 |   87.5 |
               +--------+--------+--------+--------+--------+-----+--------+

Top non-repeatable levels by time:
     D:5: 171 daAuts
     D:6: 4 daAuts
